[ AOE2 MATCH · #507264030 ]
UnrankedBengalis vs Slavs
Player's team · LOSS
Rival team · WIN
[ REPLAY ANALYSIS · EXTRACTED FROM THE RECORDED GAME ]
Feudal
11:29
Castle
21:34
Imperial
—
| APM avg | 63.2 |
| APM peak | 128 |
| eAPM avg | 32.3 |
| Villagers / military | 163 / 116 |
Focus
⚔️ 38.7% · 🌾 61.3%
Battle Elephant ×29 · Scout Cavalry ×25 · Elephant Archer ×25 · Mangonel ×13 · Armored Elephant ×8 · Militia ×6
Feudal
8:52
Castle
22:08
Imperial
36:17
| APM avg | 76.3 |
| APM peak | 151 |
| eAPM avg | 48.2 |
| Villagers / military | 210 / 231 |
Focus
⚔️ 48.7% · 🌾 51.3%
Scout Cavalry ×136 · Scorpion ×35 · Battering Ram ×33 · Monk ×14 · Militia ×6 · Trebuchet (Packed) ×3
Match map
Initial resources + every placement click. Lines = walls · curves = elevation contours. ◆ gold · ⬟ stone · ● berries · ✦ relic · ◌ wall gap
Your base· ✓ Closed at 21:34 · 51t walls · 1 gate(s)
DS_Ciskhan's base· ✓ Closed at 22:08 · 55t walls · no gate
Smoothed initial terrain · ◌ = detected wall gap · hover for details
Inputs per minute
— flightlessbird - - DS_Ciskhan
Build order — flightlessbird
First 150 of 470 actions detected
| 0:01 | Queue | Villager (Male) |
| 0:01 | Queue | Villager (Male) |
| 0:02 | Build | House |
| 0:03 | Build | House |
| 0:03 | Queue | Villager (Male) |
| 0:06 | Queue | Villager (Male) |
| 0:06 | Queue | Villager (Male) |
| 1:33 | Queue | Villager (Male) |
| 1:33 | Queue | Villager (Male) |
| 1:55 | Queue | Villager (Male) |
| 1:55 | Queue | Villager (Male) |
| 2:26 | Queue | Villager (Male) |
| 2:26 | Queue | Villager (Male) |
| 2:50 | Build | Barracks |
| 2:53 | Queue | Villager (Male) |
| 2:53 | Queue | Villager (Male) |
| 3:03 | Queue | Villager (Male) |
| 3:29 | Build | House |
| 3:35 | Queue | Villager (Male) |
| 3:47 | Queue | Militia |
| 4:03 | Queue | Villager (Male) |
| 4:04 | Queue | Militia |
| 4:26 | Build | House |
| 4:29 | Queue | Villager (Male) |
| 4:31 | Queue | Militia |
| 4:31 | Queue | Militia |
| 4:54 | Queue | Militia |
| 5:00 | Queue | Villager (Male) |
| 5:15 | Queue | Villager (Male) |
| 5:36 | Queue | Villager (Male) |
| 6:13 | Queue | Villager (Male) |
| 6:30 | Queue | Villager (Male) |
| 6:32 | Build | House |
| 6:50 | Build | Mill |
| 6:56 | Queue | Villager (Male) |
| 7:29 | Queue | Villager (Male) |
| 7:50 | Queue | Villager (Male) |
| 7:52 | Build | Farm |
| 8:03 | Build | House |
| 8:18 | Research | Loom |
| 8:21 | Build | Farm |
| 8:35 | Queue | Villager (Male) |
| 9:03 | Build | Lumber Camp |
| 9:19 | Research | Feudal Age |
| 9:19 | Research | Feudal Age |
| 10:06 | Build | Mining Camp |
| 10:24 | Build | House |
| 10:26 | Build | Palisade Wall |
| 10:33 | Build | Mining Camp |
| 10:58 | Build | Palisade Wall |
| 11:10 | Build | Palisade Wall |
| 11:11 | Build | Palisade Wall |
| 11:16 | Build | Palisade Wall |
| 11:17 | Queue | Militia |
| 11:29 | Age | Feudal Age |
| 11:36 | Queue | Villager (Male) |
| 11:43 | Research | Man-at-Arms (upgrade) |
| 11:43 | Research | Man-at-Arms (upgrade) |
| 11:50 | Queue | Villager (Male) |
| 11:52 | Build | Archery Range |
| 12:07 | Build | Farm |
| 12:09 | Queue | Villager (Male) |
| 12:25 | Build | Palisade Wall |
| 12:33 | Build | Farm |
| 12:45 | Queue | Villager (Male) |
| 12:47 | Queue | Archer |
| 12:59 | Build | Farm |
| 13:26 | Queue | Villager (Male) |
| 13:32 | Queue | Archer |
| 13:38 | Queue | Spearman |
| 13:40 | Research | Double-Bit Axe |
| 13:40 | Research | Double-Bit Axe |
| 13:41 | Research | Double-Bit Axe |
| 13:48 | Queue | Villager (Male) |
| 13:48 | Queue | Villager (Male) |
| 13:57 | Build | Palisade Wall |
| 13:59 | Build | Palisade Wall |
| 14:03 | Build | Farm |
| 14:14 | Queue | Villager (Male) |
| 14:19 | Build | Farm |
| 14:25 | Build | Palisade Wall |
| 14:40 | Queue | Villager (Male) |
| 14:58 | Queue | Villager (Male) |
| 15:13 | Build | Farm |
| 15:14 | Build | Farm |
| 15:19 | Queue | Villager (Male) |
| 15:38 | Build | Farm |
| 15:40 | Build | Farm |
| 15:43 | Build | Farm |
| 15:49 | Queue | Villager (Male) |
| 16:00 | Build | Palisade Wall |
| 16:03 | Build | House |
| 16:06 | Queue | Villager (Male) |
| 16:09 | Build | Market |
| 16:09 | Build | Palisade Wall |
| 16:17 | Build | Farm |
| 16:43 | Build | Palisade Gate |
| 16:44 | Build | Palisade Wall |
| 16:46 | Queue | Villager (Male) |
| 17:02 | Queue | Spearman |
| 17:06 | Queue | Villager (Male) |
| 17:09 | Build | House |
| 17:10 | Build | House |
| 17:14 | Build | House |
| 17:20 | Build | House |
| 17:29 | Queue | Villager (Male) |
| 17:40 | Queue | Archer |
| 17:59 | Queue | Villager (Male) |
| 18:02 | Build | Farm |
| 18:14 | Build | House |
| 18:17 | Build | House |
| 18:27 | Queue | Villager (Male) |
| 18:34 | Build | House |
| 18:38 | Build | House |
| 18:54 | Research | Castle Age |
| 18:54 | Research | Castle Age |
| 18:58 | Build | House |
| 19:24 | Build | Palisade Wall |
| 19:26 | Build | Palisade Wall |
| 19:31 | Build | House |
| 19:34 | Build | House |
| 19:38 | Queue | Archer |
| 19:41 | Build | Archery Range |
| 19:46 | Build | Palisade Wall |
| 19:52 | Build | House |
| 19:59 | Build | Palisade Wall |
| 20:05 | Build | House |
| 20:08 | Build | House |
| 20:24 | Build | Blacksmith |
| 20:32 | Build | Palisade Wall |
| 20:39 | Research | Horse Collar |
| 20:39 | Research | Horse Collar |
| 20:40 | Research | Gold Mining |
| 20:40 | Research | Gold Mining |
| 21:11 | Research | Fletching |
| 21:12 | Research | Fletching |
| 21:20 | Build | House |
| 21:24 | Build | Farm |
| 21:27 | Build | Lumber Camp |
| 21:29 | Queue | Villager (Male) |
| 21:34 | Age | Castle Age |
| 21:37 | Queue | Elephant Archer |
| 21:37 | Queue | Elephant Archer |
| 21:50 | Build | Town Center |
| 21:52 | Queue | Villager (Male) |
| 21:55 | Queue | Elephant Archer |
| 21:55 | Queue | Elephant Archer |
| 22:03 | Build | House |
| 22:04 | Build | House |
| 22:07 | Build | House |
Build order — DS_Ciskhan
First 150 of 638 actions detected
| 0:02 | Queue | Villager (Male) |
| 0:03 | Build | House |
| 0:04 | Build | House |
| 0:08 | Queue | Villager (Male) |
| 0:08 | Queue | Villager (Male) |
| 0:09 | Queue | Villager (Male) |
| 1:24 | Queue | Villager (Male) |
| 1:25 | Queue | Villager (Male) |
| 2:03 | Queue | Villager (Male) |
| 2:03 | Queue | Villager (Male) |
| 2:22 | Queue | Villager (Male) |
| 2:23 | Queue | Villager (Male) |
| 2:49 | Queue | Villager (Male) |
| 2:50 | Queue | Villager (Male) |
| 2:50 | Queue | Villager (Male) |
| 3:18 | Build | Lumber Camp |
| 3:39 | Queue | Villager (Male) |
| 3:39 | Queue | Villager (Male) |
| 3:41 | Build | House |
| 4:01 | Queue | Villager (Male) |
| 4:01 | Queue | Villager (Male) |
| 4:02 | Queue | Villager (Male) |
| 4:02 | Queue | Villager (Male) |
| 4:44 | Build | Mill |
| 5:02 | Queue | Villager (Male) |
| 5:20 | Queue | Villager (Male) |
| 5:42 | Research | Loom |
| 6:12 | Build | Palisade Wall |
| 6:13 | Build | Palisade Wall |
| 6:42 | Research | Feudal Age |
| 7:05 | Build | Barracks |
| 8:02 | Queue | Militia |
| 8:06 | Queue | Militia |
| 8:07 | Queue | Militia |
| 8:07 | Queue | Militia |
| 8:19 | Queue | Militia |
| 8:19 | Queue | Militia |
| 8:41 | Build | Palisade Wall |
| 8:48 | Build | House |
| 8:52 | Age | Feudal Age |
| 8:57 | Research | Man-at-Arms (upgrade) |
| 9:10 | Queue | Villager (Male) |
| 9:24 | Queue | Villager (Male) |
| 10:00 | Queue | Villager (Male) |
| 10:00 | Queue | Villager (Male) |
| 10:02 | Build | Farm |
| 10:03 | Build | Farm |
| 10:21 | Queue | Villager (Male) |
| 10:21 | Queue | Villager (Male) |
| 10:26 | Build | Farm |
| 10:45 | Queue | Villager (Male) |
| 10:46 | Queue | Villager (Male) |
| 10:47 | Build | Farm |
| 10:57 | Research | Horse Collar |
| 11:14 | Queue | Villager (Male) |
| 11:14 | Queue | Villager (Male) |
| 11:33 | Research | Double-Bit Axe |
| 11:40 | Queue | Villager (Male) |
| 11:40 | Queue | Villager (Male) |
| 11:44 | Build | House |
| 11:49 | Build | Farm |
| 12:02 | Queue | Villager (Male) |
| 12:22 | Queue | Villager (Male) |
| 12:24 | Build | House |
| 12:31 | Queue | Villager (Male) |
| 12:31 | Queue | Villager (Male) |
| 12:40 | Build | Palisade Wall |
| 12:41 | Queue | Villager (Male) |
| 12:41 | Queue | Villager (Male) |
| 12:45 | Build | Palisade Wall |
| 13:17 | Queue | Villager (Male) |
| 13:27 | Queue | Villager (Male) |
| 13:33 | Build | Stable |
| 13:36 | Build | Palisade Wall |
| 13:37 | Queue | Villager (Male) |
| 13:38 | Queue | Villager (Male) |
| 13:41 | Build | Palisade Wall |
| 13:48 | Build | Farm |
| 13:51 | Build | Palisade Wall |
| 13:56 | Build | Farm |
| 14:13 | Build | Farm |
| 14:16 | Queue | Scout Cavalry |
| 14:16 | Queue | Scout Cavalry |
| 14:42 | Build | Palisade Wall |
| 14:50 | Build | Farm |
| 14:53 | Queue | Scout Cavalry |
| 15:05 | Build | Palisade Wall |
| 15:07 | Build | Farm |
| 15:08 | Queue | Scout Cavalry |
| 15:15 | Build | Blacksmith |
| 15:16 | Queue | Villager (Male) |
| 15:16 | Queue | Villager (Male) |
| 15:17 | Queue | Villager (Male) |
| 15:18 | Build | House |
| 15:30 | Build | Farm |
| 15:31 | Build | Farm |
| 15:36 | Queue | Villager (Male) |
| 15:38 | Build | House |
| 15:45 | Build | Farm |
| 15:48 | Queue | Scout Cavalry |
| 15:48 | Queue | Scout Cavalry |
| 16:03 | Research | Forging |
| 16:03 | Queue | Villager (Male) |
| 16:06 | Build | Mining Camp |
| 16:13 | Queue | Scout Cavalry |
| 16:13 | Queue | Scout Cavalry |
| 16:18 | Build | Farm |
| 16:25 | Queue | Villager (Male) |
| 16:25 | Queue | Villager (Male) |
| 16:31 | Build | Farm |
| 17:08 | Queue | Villager (Male) |
| 17:09 | Queue | Scout Cavalry |
| 17:11 | Queue | Villager (Male) |
| 17:13 | Build | Palisade Wall |
| 17:14 | Build | Palisade Wall |
| 17:19 | Build | Lumber Camp |
| 17:22 | Queue | Villager (Male) |
| 17:26 | Build | Farm |
| 17:27 | Build | Farm |
| 17:41 | Build | Farm |
| 18:20 | Build | Farm |
| 18:23 | Build | Farm |
| 18:28 | Build | Farm |
| 18:29 | Queue | Villager (Male) |
| 18:55 | Queue | Villager (Male) |
| 19:28 | Research | Castle Age |
| 19:28 | Research | Castle Age |
| 19:36 | Build | Farm |
| 19:56 | Queue | Scout Cavalry |
| 19:56 | Queue | Scout Cavalry |
| 20:14 | Research | Scale Barding Armor |
| 20:14 | Research | Scale Barding Armor |
| 20:20 | Build | Farm |
| 20:25 | Research | Gold Mining |
| 20:43 | Research | Bloodlines |
| 20:44 | Research | Bloodlines |
| 21:08 | Build | House |
| 21:10 | Queue | Scout Cavalry |
| 21:10 | Queue | Scout Cavalry |
| 21:12 | Build | Farm |
| 21:16 | Build | Palisade Wall |
| 21:24 | Build | House |
| 21:46 | Build | House |
| 21:47 | Build | House |
| 21:48 | Build | House |
| 22:08 | Age | Castle Age |
| 22:13 | Build | Siege Workshop |
| 22:14 | Research | Light Cavalry (upgrade) |
| 22:16 | Queue | Villager (Male) |
| 22:17 | Build | Town Center |
Match timeline
| 2:50 | flightlessbird · first_building Barracks |
| 6:12 | DS_Ciskhan · wall_segment Palisade Wall x2 |
| 6:13 | DS_Ciskhan · wall_segment Palisade Wall x2 |
| 7:05 | DS_Ciskhan · first_building Barracks |
| 8:41 | DS_Ciskhan · wall_segment Palisade Wall x4 |
| 8:52 | DS_Ciskhan · age_up feudal |
| 10:26 | flightlessbird · wall_segment Palisade Wall x6 |
| 10:58 | flightlessbird · wall_segment Palisade Wall x4 |
| 11:10 | flightlessbird · wall_segment Palisade Wall x1 |
| 11:11 | flightlessbird · wall_segment Palisade Wall x1 |
| 11:16 | flightlessbird · wall_segment Palisade Wall x1 |
| 11:29 | flightlessbird · age_up feudal |
| 11:52 | flightlessbird · first_building Archery Range |
| 12:25 | flightlessbird · wall_segment Palisade Wall x1 |
| 12:40 | DS_Ciskhan · wall_segment Palisade Wall x5 |
| 12:45 | DS_Ciskhan · wall_segment Palisade Wall x12 |
| 13:33 | DS_Ciskhan · first_building Stable |
| 13:36 | DS_Ciskhan · wall_segment Palisade Wall x14 |
| 13:41 | DS_Ciskhan · wall_segment Palisade Wall x8 |
| 13:51 | DS_Ciskhan · wall_segment Palisade Wall x3 |
| 13:57 | flightlessbird · wall_segment Palisade Wall x7 |
| 13:59 | flightlessbird · wall_segment Palisade Wall x10 |
| 14:25 | flightlessbird · wall_segment Palisade Wall x11 |
| 14:42 | DS_Ciskhan · wall_segment Palisade Wall x1 |
| 15:05 | DS_Ciskhan · wall_segment Palisade Wall x1 |
| 16:00 | flightlessbird · wall_segment Palisade Wall x1 |
| 16:09 | flightlessbird · wall_segment Palisade Wall x3 |
| 16:44 | flightlessbird · wall_segment Palisade Wall x1 |
| 17:13 | DS_Ciskhan · wall_segment Palisade Wall x1 |
| 17:14 | DS_Ciskhan · wall_segment Palisade Wall x1 |
| 17:52 | flightlessbird · first_market_sell 500 stone |
| 17:53 | flightlessbird · first_market_buy 500 food |
| 19:24 | flightlessbird · wall_segment Palisade Wall x1 |
| 19:26 | flightlessbird · wall_segment Palisade Wall x3 |
| 19:46 | flightlessbird · wall_segment Palisade Wall x1 |
| 19:59 | flightlessbird · wall_segment Palisade Wall x1 |
| 20:32 | flightlessbird · wall_segment Palisade Wall x1 |
| 21:16 | DS_Ciskhan · wall_segment Palisade Wall x1 |
| 21:34 | flightlessbird · age_up castle |
| 22:08 | DS_Ciskhan · age_up castle |
| 22:13 | DS_Ciskhan · first_building Siege Workshop |
| 22:35 | flightlessbird · wall_segment Palisade Wall x1 |
| 23:08 | flightlessbird · first_building Siege Workshop |
| 23:17 | DS_Ciskhan · first_building Monastery |
| 27:02 | flightlessbird · first_building Monastery |
| 27:47 | flightlessbird · first_building Stable |
| 27:57 | DS_Ciskhan · wall_segment Palisade Wall x1 |
| 29:55 | DS_Ciskhan · first_building Castle |
| 32:48 | flightlessbird · first_building Castle |
| 34:06 | DS_Ciskhan · wall_segment Stone Wall x1 |
| 36:17 | DS_Ciskhan · age_up imperial |
| 42:07 | DS_Ciskhan · wall_segment Stone Wall x2 |
| 43:24 | flightlessbird · resign |
[ AI ANALYSIS · 1 CREDIT ]
What really happened in this match?
Wolo.gg analyzes every decision: build order, eco, micro, common mistakes by bracket. Personalized analysis on WhatsApp or Discord in 30 seconds.
Civ guide
Bengalis
Perfil
Jugador #285508